[Event "Slovakia Open Piestany-A 2022"]
[Site "Piestany"]
[Date "2022.07.18"]
[Round "9.9"]
[White "Stefansson, Vignir Vatnar"]
[Black "Czerw, Dawid"]
[Result "1/2-1/2"]
[ECO "E05"]
[WhiteElo "2461"]
[BlackElo "2391"]
[Annotator "TA"]
[PlyCount "32"]
[EventDate "2022.07.12"]
[EventType "swiss"]
[EventCountry "SVK"]
[SourceTitle "playchess.com"]
[Source "ChessBase"]
[SourceQuality "1"]
[TimeControl "40/5400+30:1800+30"]

1. Nf3 Nf6 2. c4 e6 3. g3 d5 4. d4 Be7 5. Bg2 O-O 6. O-O dxc4 7. Qc2 b5 8. a4 {[%emt 0:00:26] E05: Open Catalan: 5 Nf3 Be7.} b4 9. Nfd2 Nd5 10. Nxc4 {[%emt 0:00:53] White is slightly better.} c5 11. dxc5 Bxc5 12. Rd1 (12. e4 $14 {is superior.} Nb6 13. Ncd2) 12... Nd7 $11 13. e4 ({Of course not} 13. Bxd5 exd5 14. Be3 Bb7 15. Bxc5 Nxc5 $17) 13... N5f6 {[%emt 0:00:42] [#]} 14. Bf4 $146 (14. Be3 $11 Qc7 15. Nbd2) ({Predecessor:} 14. Bg5 Qc7 15. Nbd2 Ba6 16. Qb3 Ng4 17. Ne3 Nde5 18. Bf4 Bxe3 19. Bxe3 Nd3 20. Nf1 {½-½ (40) Dordzhieva,D (2321)-Schulze,L (2309) Darmstadt 2022}) 14... Ng4 $17 15. Rf1 {[%emt 0:03:15] [#]} (15. Be3 $17 Nxe3 16. Nxe3 Bxe3 17. fxe3) 15... e5 16. Bc1 (16. Bd2 $142) 16... Ba6 {[%emt 0:00:37][%mdl 32768] Weighted Error Value: White=0.50/Black=0.10 (very precise) . An unexpected result.} 1/2-1/2

[Event "Slovakia Open Piestany-A 2022"]
[Site "Piestany"]
[Date "2022.07.18"]
[Round "9.10"]
[White "Hrbek, Stepan"]
[Black "Moroni, Luca Jr"]
[Result "0-1"]
[ECO "B28"]
[WhiteElo "2272"]
[BlackElo "2584"]
[Annotator "TA"]
[PlyCount "96"]
[EventDate "2022.07.12"]
[EventType "swiss"]
[EventCountry "SVK"]
[SourceTitle "playchess.com"]
[Source "ChessBase"]
[SourceQuality "1"]
[TimeControl "40/5400+30:1800+30"]

1. e4 c5 2. Nf3 a6 3. c4 Nc6 4. d4 cxd4 5. Nxd4 e5 6. Nf5 d6 {[%emt 0:01:32] B28: Sicilian: 2 Nf3 a6 (O'Kelly Variation).} 7. Nc3 g6 8. Ne3 Bh6 {[%emt 0:00:04] White is slightly better.} 9. h4 {[%emt 0:06:17][%cal Bh2h4,Bh4h5][%mdl 32] [#] 9.Bd3 is the modern continuation.} Be6 $146 ({Predecessor:} 9... Nf6 10. Bd3 Be6 11. Ncd5 Bxd5 12. cxd5 Nd4 13. g3 Rc8 14. Kf1 Bg7 15. Kg2 O-O {1-0 (85) Friedrich,N (2301)-Drei,A (2270) Cesenatico 2014}) 10. h5 (10. Nc2 $5 ) 10... Kf8 (10... Rc8 $11) 11. Ned5 Kg7 12. Bd3 (12. Bxh6+ $1 $16 Nxh6 13. Qd2) 12... Rc8 13. Bxh6+ Nxh6 14. Qd2 Nd4 15. O-O-O b5 16. b3 Qa5 17. Ne2 (17. f3 $14) 17... Qa3+ $15 (17... Qxd2+ 18. Kxd2 bxc4 19. bxc4 $11) 18. Qb2 $1 (18. Kb1 Nxb3 $1 19. axb3 bxc4 $17) 18... Qxb2+ 19. Kxb2 bxc4 20. Nxd4 {[%emt 0:01:41] Black continues to play with concentration.} Bxd5 ({But not} 20... cxd3 21. Nxe6+ fxe6 22. Ne3 $11 (22. Nb4 Ng4 $11)) 21. exd5 cxd3 22. Nc6 e4 {[%emt 0:02:39] White must now prevent ...Ng4.} 23. f3 {[%emt 0:04:57] Against Ng4} f5 24. Rhe1 {[%emt 0:00:16] [#]} (24. hxg6 $17 hxg6 25. Nd4) 24... Rhe8 $1 $19 (24... gxh5 25. fxe4 Rhe8 26. Rxd3 $15) 25. hxg6 hxg6 26. Kc3 {[%emt 0:02:44] [#]} Ng8 $1 27. Kd4 Nf6 28. Rd2 g5 29. b4 Kg6 30. a4 Rc7 31. Rb2 Rb7 ({Weaker is} 31... e3 32. Rxe3 Rxe3 33. Kxe3 Nxd5+ 34. Kd4 $17) 32. Na5 (32. Reb1 {keeps fighting.}) 32... Rh7 33. fxe4 Nxe4 {[%emt 0:03:39] ...Rh4 is the strong threat.} ({Not} 33... Rxe4+ 34. Rxe4 Nxe4 35. Kxd3 $11) (33... fxe4 34. Nc4 $17) 34. Rf1 $2 (34. Re3) 34... d2 {[%emt 0:00:53] Strongly threatening ...Rh2.} 35. Nc4 Rh2 36. Nxd2 Rxg2 37. Nc4 Rxb2 38. Nxb2 {[%emt 0:00:06][%mdl 4096] Endgame KRN-KRN} g4 39. Nd3 Ng3 40. Rd1 (40. Re1 Rxe1 41. Nxe1) 40... Ne2+ {[%emt 0:00:35] Black is clearly winning.} 41. Kc4 g3 42. Ne1 f4 {[%emt 0:01:16] Hoping for ...Kf5.} 43. b5 axb5+ 44. axb5 Kf5 {[%emt 0:01:15] Threatens to win with ...Kg4.} 45. b6 Kg4 46. Rd3 Ng1 (46... Re4+ $142 47. Kb5 Nd4+ 48. Rxd4 Rxd4) 47. Kb5 Rxe1 48. Rb3 f3 {[%emt 0:00:44] Weighted Error Value: White=0.68/Black=0.20 (precise)} 0-1

[Event "Slovakia Open Piestany-A 2022"]
[Site "Piestany"]
[Date "2022.07.18"]
[Round "9.11"]
[White "Piesik, Piotr"]
[Black "Aradhya, Garg"]
[Result "1/2-1/2"]
[ECO "D47"]
[WhiteElo "2440"]
[BlackElo "2229"]
[Annotator "TA"]
[PlyCount "109"]
[EventDate "2022.07.12"]
[EventType "swiss"]
[EventCountry "SVK"]
[SourceTitle "playchess.com"]
[Source "ChessBase"]
[SourceQuality "1"]
[TimeControl "40/5400+30:1800+30"]

1. d4 d5 2. c4 c6 3. Nc3 Nf6 4. e3 Nbd7 5. Nf3 e6 6. Bd3 dxc4 7. Bxc4 b5 8. Bd3 Bd6 9. Qc2 {[%emt 0:02:04] D47: Semi-Slav: Meran System.} O-O 10. Ng5 h6 11. Nge4 {[%emt 0:00:08] [#]} Nxe4 $146 ({Predecessor:} 11... Be7 12. Nxf6+ Nxf6 13. O-O Bb7 14. Ne4 Nxe4 15. Bxe4 Qb6 16. a3 a5 17. Bd2 b4 {0-1 (30) Barkhatov,I-Petrigin,M ICCF email 2013}) 12. Nxe4 Bb4+ 13. Bd2 Bxd2+ 14. Nxd2 Bb7 15. Nb3 {[%emt 0:16:50] Inhibits c5.} (15. Bh7+ $14 Kh8 16. Be4) 15... c5 $1 $11 16. Nxc5 Nxc5 17. Qxc5 Bxg2 18. Rg1 Bd5 19. e4 ({Of course not} 19. Bxb5 Rb8 20. a4 a6 $17) 19... Bc4 (19... Rc8 $5 20. Qxb5 (20. Qxa7 $2 Bc4 $19) 20... a6 $15) 20. Bxc4 bxc4 21. Qe5 g6 22. Rc1 (22. Rg3 $1 $11) 22... Rb8 $17 23. Rxc4 Rxb2 {[%emt 0:00:33] aiming for ...Rb1+.} 24. Kf1 Rxa2 $40 {[%emt 0:08:22][%mdl 128] Black wants a kill.} 25. Rg3 Ra5 26. Rc5 Rxc5 27. dxc5 {[%emt 0:00:06][%mdl 4096] Endgame KQR-KQR} Qd7 28. Kg2 Rc8 29. Rc3 h5 30. h3 a6 31. Kf3 a5 32. Kf4 $2 (32. Kg3 $17) 32... a4 $2 (32... f6 $1 $19 {[%cal Rf6e5] has better winning chances.} 33. Qxf6 Rf8 34. Qxf8+ Kxf8) 33. Kf3 {[%emt 0:04:14] [#]} (33. Kg3 $17) 33... Qb5 $1 $19 {[%emt 0:01:11] Strongly threatening ...Qb2.} 34. Qd4 {[%emt 0:00:51] [#]} Qa5 (34... Qf1 $1 $19 {Hoping for ...a3.} 35. Kg3 e5) 35. Rc4 a3 36. Ra4 e5 ({Better is} 36... Qxc5 $17 37. Qxc5 Rxc5 38. Rxa3 Kg7) 37. Rxa5 $11 exd4 {[%emt 0:00:03] KR-KR} 38. h4 a2 39. Rxa2 Rxc5 40. Kf4 Rc1 ({Black should play} 40... d3 $15) 41. Rd2 $1 Rc4 42. Ke5 Kg7 43. f4 Rc1 44. f5 gxf5 45. Kxf5 {[%emt 0:00:00] The position is equal.} Rc5+ 46. Kf4 Rc4 47. Kg5 Ra4 48. Rd1 Ra5+ 49. Kf4 Ra4 50. Kg5 Ra5+ 51. Kf4 Ra2 52. Kg5 Ra4 53. Rd2 Rb4 54. Rd1 Rc4 55. Rd2 {[%emt 0:00:00] White happily takes the draw.  Weighted Error Value: White=0.31/Black=0.33} 1/2-1/2

[Event "Slovakia Open Piestany-A 2022"]
[Site "Piestany"]
[Date "2022.07.18"]
[Round "9.12"]
[White "Kostolansky, Sebastian Lukas"]
[Black "Mullick, Raahil"]
[Result "0-1"]
[ECO "B51"]
[WhiteElo "2406"]
[BlackElo "2237"]
[Annotator "TA"]
[PlyCount "29"]
[EventDate "2022.07.12"]
[EventType "swiss"]
[EventCountry "SVK"]
[SourceTitle "playchess.com"]
[Source "ChessBase"]
[SourceQuality "1"]
[TimeControl "40/5400+30:1800+30"]

1. e4 c5 2. Nf3 d6 3. Bb5+ Nd7 4. a4 Ngf6 5. Nc3 e6 6. O-O {[%emt 0:03:52] B51: Sicilian: Moscow Variation (3 Bb5+) without 3...Bd7.} Be7 7. d4 cxd4 8. Qxd4 O-O 9. Rd1 a6 {[%emt 0:02:37] [#] aiming for ...e5.} 10. Be2 Qc7 11. Bg5 b6 12. Nd2 h6 13. Be3 Rd8 {[%emt 0:16:25] [#]} 14. f4 $146 (14. Nc4 $11) ({Predecessor:} 14. Nc4 Rb8 15. f4 e5 16. Qd2 Nc5 17. fxe5 Nfxe4 18. Nd5 Nxd2 19. Nxc7 Nxc4 20. Bxc4 dxe5 {0-1 (37) Kostolansky,S (2406)-Mullick,R (2237) Piestany 2022}) 14... Rb8 (14... Bb7 $15 15. Qb4 Rac8) 15. Kh1 {[%emt 0:10:08] Weighted Error Value: White=0.19 (very precise) /Black=0.08 (flawless)} 0-1

[Event "Slovakia Open Piestany-A 2022"]
[Site "Piestany"]
[Date "2022.07.18"]
[Round "9.13"]
[White "Turcan, Richard"]
[Black "Favaloro, Andrea"]
[Result "1/2-1/2"]
[ECO "C95"]
[WhiteElo "2304"]
[BlackElo "2361"]
[Annotator "TA"]
[PlyCount "47"]
[EventDate "2022.07.12"]
[EventType "swiss"]
[EventCountry "SVK"]
[SourceTitle "playchess.com"]
[Source "ChessBase"]
[SourceQuality "1"]
[TimeControl "40/5400+30:1800+30"]

1. e4 e5 2. Nf3 Nc6 3. Bb5 a6 4. Ba4 Nf6 5. O-O Be7 6. Re1 b5 7. Bb3 d6 8. c3 O-O 9. h3 Nb8 10. d4 Nbd7 11. Nbd2 Bb7 12. Bc2 Re8 13. Nf1 Bf8 14. Ng3 g6 {[%emt 0:00:06] [#]} {Predecessor:} 15. Bd2 $146 {C95: Closed Ruy Lopez: Breyer Variation with 10 d4.} Bg7 16. Qc1 d5 17. Bg5 dxe4 18. Bxe4 Bxe4 19. Nxe4 exd4 20. cxd4 Qc8 21. Nxf6+ Nxf6 22. Qc6 Qd7 23. Rxe8+ Qxe8 24. Qxc7 {½-½ (44) Esipenko,A (2682)-Kamsky,G (2655) Biel 2022} 1/2-1/2

[Event "Slovakia Open Piestany-A 2022"]
[Site "Piestany"]
[Date "2022.07.18"]
[Round "9.15"]
[White "Marek, Matyas"]
[Black "Holly, Andrej"]
[Result "1-0"]
[ECO "D00"]
[WhiteElo "2354"]
[BlackElo "2213"]
[Annotator "TA"]
[PlyCount "73"]
[EventDate "2022.07.12"]
[EventType "swiss"]
[EventCountry "SVK"]
[SourceTitle "playchess.com"]
[Source "ChessBase"]
[SourceQuality "1"]
[TimeControl "40/5400+30:1800+30"]

1. d4 Nf6 2. Nc3 e6 3. Bf4 d5 4. e3 Bd6 5. Nf3 O-O 6. Bd3 {[%emt 0:00:13] D00: 1 d4 d5: Unusual lines.} c5 7. dxc5 Bxf4 8. exf4 {[%emt 0:00:08] White has an edge.} Qc7 9. Ne5 Nbd7 10. Qe2 Nxc5 {[%emt 0:01:05] [#]} 11. O-O-O $146 ({Predecessor:} 11. O-O Bd7 12. Qe3 Rfc8 13. Rfd1 Qb6 14. Rab1 Be8 15. Ne2 Nxd3 16. cxd3 Qxe3 17. fxe3 {½-½ (52) Matros,A (2442)-Liang,J (2340) Charlotte 2020}) 11... a6 12. Kb1 b5 {[%emt 0:02:05] Strongly threatening ...b4.} 13. Qe3 Rb8 14. Ne2 b4 15. Nd4 Bd7 {[%emt 0:03:05] Prevents Ndc6.} ({Black should try} 15... Nfe4 $11) 16. g4 $14 Nfe4 17. Bxe4 Nxe4 18. f3 (18. h4 $14) 18... Nd6 $1 $11 19. Rhe1 Rfc8 20. Qc1 (20. h4 {should be considered.}) 20... a5 21. h4 a4 22. h5 Nc4 23. Nxc4 dxc4 24. h6 c3 {[%emt 0:07:19] Threatens to win with ...b3.} (24... gxh6 25. f5 b3 26. Qxh6 (26. fxe6 bxc2+ 27. Kxc2 c3 $11) 26... bxc2+ 27. Nxc2 $16) 25. f5 $1 g6 (25... Be8 $1 $15 {keeps the upper hand.} 26. Qg5 (26. fxe6 b3 $19) 26... f6 27. Qxg7+ Qxg7 28. hxg7 e5) 26. Qg5 $1 $16 {[%emt 0:11:12] Threatening mate with Qf6.} (26. fxe6 fxe6 27. b3 (27. Nxe6 $2 Bxe6 28. Qe3 Re8 $19) 27... axb3 28. Nxb3 Qa7 $15) 26... Qd8 {[%emt 0:03:27] Inhibits Qf6.} (26... b3 27. Qf6 bxa2+ 28. Kxa2 Qc4+ 29. Ka1 cxb2+ 30. Kb1) 27. Qe3 {[%emt 0:00:07] White is more active.} ({White must play} 27. Qxd8+ $1 $16 Rxd8 28. fxe6 fxe6 29. bxc3 (29. Nxe6 $2 Bxe6 30. Rxd8+ Rxd8 $19)) 27... exf5 $2 {[%emt 0:02:30][%mdl 8192] [#]} (27... b3 $11 28. bxc3 (28. cxb3 $2 axb3 29. axb3 Rxb3 $19) 28... bxa2+ 29. Kxa2 Qc7) 28. Nxf5 $1 $18 {[%emt 0:18:08][%cal Oe3e5][%mdl 512] White wants to mate with Qe5!} gxf5 {[%emt 0:02:07] [#]} (28... b3 29. Ne7+) 29. Rxd7 $1 Qf6 {[%emt 0:00:14] [#]} 30. Re7 $40 {[%emt 0:04:59][%mdl 128] White attacks with force.} ({Better is} 30. Rb7 $3 $18 {[%mdl 512] White threatens Rxb8 and mate.} Ra8 31. Rxb4) 30... Kf8 $2 {[%emt 0:02:35][%mdl 8192] This costs Black the game.} (30... cxb2 $2 {gets mated.} 31. Re8+ $3 Rxe8 32. Qxe8+ Rxe8 33. Rxe8#) (30... Rf8 $16) 31. g5 Qd6 {[%emt 0:01:37] White is clearly winning.} 32. Qa7 Qd5 33. Rd7 (33. g6 $142 hxg6 {[#]} 34. Rxf7+ $3 Qxf7 35. h7 Qxa7 36. h8=Q+ Kf7 37. Qh7+ Kf6 38. Qxa7) 33... Re8 34. Qxb8 $1 (34. Rxd5 $2 {leads to mate.} Rxe1+) 34... Qxd7 35. Rxe8+ Qxe8 36. Qxb4+ Qe7 37. bxc3 {[%emt 0:00:16] Weighted Error Value: White=0.39/Black=0.44} 1-0

[Event "Slovakia Open Piestany-A 2022"]
[Site "Piestany"]
[Date "2022.07.18"]
[Round "9.16"]
[White "Palchuk, Andrii"]
[Black "Bhambure, Shantanu"]
[Result "1-0"]
[ECO "E04"]
[WhiteElo "2248"]
[BlackElo "2320"]
[Annotator "TA"]
[PlyCount "61"]
[EventDate "2022.07.12"]
[EventType "swiss"]
[EventCountry "SVK"]
[SourceTitle "playchess.com"]
[Source "ChessBase"]
[SourceQuality "1"]
[TimeControl "40/5400+30:1800+30"]

1. d4 Nf6 2. c4 e6 3. g3 d5 4. Nf3 c6 5. Bg2 dxc4 6. a4 {[%emt 0:06:52] E04: Open Catalan: 5 Nf3.} (6. Ne5 {is interesting.} Bb4+ 7. Nc3 Nd5 8. Bd2) 6... c5 7. O-O Nc6 8. dxc5 {[%emt 0:00:10] The position is equal.} Bxc5 9. Qxd8+ Kxd8 10. Nbd2 {[%emt 0:00:15] [#]} c3 $146 (10... Nd5 $11 {keeps the balance.}) ({Predecessor:} 10... Nd5 11. Nxc4 f6 12. Bd2 Ke7 13. Rfc1 b6 14. a5 Bd7 15. e3 Rhc8 16. Ne1 Nxa5 17. Nxa5 bxa5 {½-½ (76) Can,E (2577)-Abdusattorov,N (2648) Sharjah 2021}) 11. bxc3 $16 Ke7 12. Nb3 Bd6 13. Nfd4 Nd5 {[%emt 0:27:11] [#]} (13... Nxd4 $16 {was worth a try.} 14. cxd4 Bb4) 14. Nb5 $1 $18 Rd8 15. Rd1 (15. e4 $142 Nf6 16. f4) 15... Bb8 16. e4 ({White should try} 16. Ba3+ $16 Ke8 17. Bc5) 16... Nb6 $14 17. Rxd8 Kxd8 {[%emt 0:01:39] [#]} (17... Nxd8 $14 18. a5 Nc4) 18. Bf1 (18. a5 $1 $16 Nc4 19. a6) 18... a6 19. Be3 Nd7 20. N5d4 Bd6 21. Nxc6+ bxc6 22. Na5 Kc7 23. Nc4 $36 {[%emt 0:00:18][%mdl 2048] Black is under pressure.} f6 (23... a5 $14) 24. Rd1 $16 Be7 25. a5 {[%emt 0:00:41] White is much more active.} c5 26. Bh3 Nf8 $2 {[%emt 0:00:16] This costs Black the game.} (26... Rb8 $16 {was called for.}) 27. Nb6 $18 Ra7 (27... Rb8 28. Bf4+ e5) 28. Bf4+ Kb7 29. Rb1 {[%emt 0:02:19] Nd7+ would kill now.} g5 30. Nd7+ Kc6 31. Nb8# {[%emt 0:00:05] Weighted Error Value: White=0.09 (flawless) /Black=0.56} 1-0

[Event "Slovakia Open Piestany-A 2022"]
[Site "Piestany"]
[Date "2022.07.18"]
[Round "9.17"]
[White "Leszko, Bence"]
[Black "Travnicek, Krystof Mikulas"]
[Result "1/2-1/2"]
[ECO "C00"]
[WhiteElo "2241"]
[BlackElo "2138"]
[Annotator "TA"]
[PlyCount "80"]
[EventDate "2022.07.12"]
[EventType "swiss"]
[EventCountry "SVK"]
[SourceTitle "playchess.com"]
[Source "ChessBase"]
[SourceQuality "1"]
[TimeControl "40/5400+30:1800+30"]

1. e4 e6 2. Qe2 Be7 3. g3 d5 4. d3 Nf6 5. Bg2 c5 6. Nf3 Nc6 {[%emt 0:01:42] 6...0-0 is not played anymore.} 7. O-O b5 8. e5 {[%emt 0:02:34] C00: French: Unusual White 2nd moves.} (8. exd5 $11 exd5 9. d4) 8... Nd7 $1 $15 9. c4 bxc4 10. dxc4 {[%emt 0:00:09] Black is slightly better.} Ba6 11. Na3 Nb6 12. b3 O-O {[%emt 0:07:19] [#]} 13. h4 $146 ({Predecessor:} 13. Nb5 Qd7 14. Bd2 Rad8 15. a4 Bb7 16. a5 Nc8 17. a6 Ba8 18. Rfd1 Nb6 19. Ng5 {½-½ (36) Wierzbicki,J (2187)-Boetzer,D (2218) Berlin 2018}) 13... Qd7 14. Rd1 Rab8 15. Bf4 Nd4 (15... Qc8 $11) 16. Nxd4 $14 cxd4 17. Nc2 dxc4 18. Nxd4 {[%emt 0:02:04] Nc6 is the strong threat.} Nd5 19. Qg4 {[%emt 0:08:15] [#] And now Bh6 would win.} Rfd8 20. bxc4 Bxc4 (20... Nxf4 21. Nc6 Nh3+ 22. Qxh3 Qxd1+ 23. Rxd1 Rxd1+ 24. Kh2 $14) 21. Bh6 Bf8 22. Bg5 (22. h5 $5 Kh8 23. Nf5 gxh6 24. Qxc4 $14) 22... Rdc8 23. Rd2 {[%emt 0:07:15] Inhibits Rb2.} Rb4 24. Nc2 Rb2 25. Rad1 Qc7 ({Don't take} 25... Rxa2 26. Bxd5 Bxd5 27. Rxd5 $18) 26. Ne3 Rxd2 27. Rxd2 Nxe3 28. Bxe3 {[%emt 0:00:06] aiming for Rc2.} Qxe5 29. Bb7 Rc7 $36 {[%emt 0:02:19][%mdl 2048] Black fights for an advantage.} 30. Bf3 Bd5 31. Kh2 {[%emt 0:01:41] [#]} (31. Bxd5 $11 {keeps the balance.} exd5 32. Qd4 Qxd4 33. Rxd4) 31... f5 $1 $17 32. Qf4 Qxf4 33. Bxf4 Rd7 34. Be3 Kf7 35. Be2 Bb4 36. Rc2 Ke7 (36... Be4 $17 37. Rc1 Ba5) 37. Bb5 $11 {[%emt 0:00:24] The position is equal.} Rb7 38. Ba6 Rd7 39. Bb5 Rb7 40. Ba6 Rd7 {[%emt 0:01:14] Weighted Error Value: White=0.12 (very precise) /Black=0.13 (very precise)} 1/2-1/2

[Event "Slovakia Open Piestany-A 2022"]
[Site "Piestany"]
[Date "2022.07.18"]
[Round "9.18"]
[White "Nadzamova, Viktoria"]
[Black "Matras, Ondrej"]
[Result "0-1"]
[ECO "A46"]
[WhiteElo "2133"]
[BlackElo "2229"]
[Annotator "TA"]
[PlyCount "110"]
[EventDate "2022.07.12"]
[EventType "swiss"]
[EventCountry "SVK"]
[SourceTitle "playchess.com"]
[Source "ChessBase"]
[SourceQuality "1"]
[TimeControl "40/5400+30:1800+30"]

1. d4 Nf6 2. Nf3 d6 3. g3 Bg4 4. Bg2 c6 5. h3 Bf5 6. c4 {[%emt 0:01:36] A46: 1 d4 Nf6 2 Nf3 e6: Torre, London and Colle Systems.} h6 7. O-O g5 (7... e6 $11 {remains equal.}) 8. Nc3 $16 {[%emt 0:02:35] [#] White is better.} Qd7 $146 ({Predecessor:} 8... Bg7 9. Re1 Ne4 10. Qc2 d5 11. cxd5 Nxc3 12. Qxf5 Nxd5 13. e4 Nf6 14. e5 Nd5 15. Bxg5 {1-0 (49) Rodriguez,L (2155)-Reis,L (2225) Caldas da Felgueira 1999}) 9. g4 Bg6 10. Nh2 (10. Ne1 {with more complications.} h5 11. f3 hxg4 12. fxg4 Bg7 13. Bxg5 Nxg4 14. hxg4 Qxg4 15. Nf3) 10... Na6 11. e4 (11. f4 $16) 11... e5 12. Qf3 Be7 (12... Bg7 $11) 13. dxe5 (13. Be3 $1 $16) 13... dxe5 $11 14. Rd1 Qc7 15. Nf1 (15. Be3 $11) 15... Nc5 $15 16. Ng3 Ne6 17. Nf5 {[%emt 0:01:10] Inhibits Nd4.} Bxf5 18. exf5 Nd4 {[%emt 0:00:49] Pair of Knights!} 19. Qg3 O-O-O {[%emt 0:01:50][%cal Od4e2] ...Ne2+! is the strong threat.} 20. Be3 ({White should play} 20. Bd2 $1 $15) 20... Bd6 $1 $36 {[%emt 0:02:12][%cal Oe5e4][%mdl 2048] Strongly threatening ...e4! Black is on the roll. Black is more active.} 21. c5 Bxc5 22. Rd2 {[%emt 0:00:43] [#]} (22. Rac1 $17 {was called for.}) 22... Bd6 $1 $19 23. Ne4 Nxe4 24. Bxe4 {[%emt 0:00:02] [#]} Bb4 (24... Qa5 $1 $19 {has better winning chances. And now ...Bb4 would win.} 25. Rad1 Bb4 26. Bxd4 Bxd2 27. Qxe5 Rhe8 28. Qxa5 Bxa5) 25. Bxd4 $17 exd4 ({Much weaker is} 25... Bxd2 $6 26. Bxe5 Qa5 27. Bxh8 Rxh8 28. Rd1 $11) 26. Qxc7+ Kxc7 27. Rdd1 Be7 28. Rac1 Bf6 29. Bd3 Kd6 30. a4 h5 31. Kg2 hxg4 32. hxg4 Rh4 33. f3 $2 {[%emt 0:02:26] Loses the game.} (33. Be2 $17) 33... Be5 34. Rh1 Rdh8 35. Rxh4 Rxh4 $19 {[%emt 0:00:02][%mdl 4096] Endgame KRB-KRB} 36. b3 $2 (36. Rc2 {only move.}) 36... Rh2+ 37. Kg1 Rb2 38. Bc4 f6 39. Re1 a6 40. Kf1 Rh2 41. Kg1 (41. a5 $142) 41... Rc2 {[%emt 0:00:31] White must now prevent ...b5.} 42. Kf1 (42. Rb1 $142) 42... b5 {[%emt 0:00:06] Black is clearly winning.} 43. axb5 axb5 44. Bf7 d3 45. Re3 d2 46. Ke2 Bf4 47. Rd3+ Ke7 48. Be6 Rc1 49. Rd7+ Ke8 50. Rxd2 Bxd2 51. Kxd2 {[%emt 0:00:01] KR-KB} Rc5 52. Kd3 Ke7 {[%emt 0:00:04] Threatens to win with ...Re5.} 53. Ke4 Re5+ 54. Kd4 Kd6 (54... c5+ $142 55. Kd3 Rxe6 56. fxe6 Kxe6) 55. Bf7 Re1 {[%emt 0:00:18] Weighted Error Value: White=0.79/Black=0.29 (precise)} 0-1

[Event "Slovakia Open Piestany-A 2022"]
[Site "Piestany"]
[Date "2022.07.18"]
[Round "9.19"]
[White "Dixit, Nikhil"]
[Black "Michelle Catherina, P."]
[Result "1/2-1/2"]
[ECO "C78"]
[WhiteElo "2325"]
[BlackElo "2141"]
[Annotator "TA"]
[PlyCount "49"]
[EventDate "2022.07.12"]
[EventType "swiss"]
[EventCountry "SVK"]
[SourceTitle "playchess.com"]
[Source "ChessBase"]
[SourceQuality "1"]
[TimeControl "40/5400+30:1800+30"]

1. e4 e5 2. Nf3 Nc6 3. Bb5 a6 4. Ba4 Nf6 5. d3 b5 6. Bb3 Bc5 7. O-O d6 8. c3 h6 9. d4 {[%emt 0:07:29] 9.Nbd2 is the modern continuation. C78: Ruy Lopez: Archangelsk and Möller Defences.} Bb6 10. dxe5 Nxe5 11. Nxe5 dxe5 12. Qxd8+ Kxd8 13. Nd2 Ke7 {[%emt 0:08:36] [#]} 14. Re1 $146 (14. Nf3 $5 ) ({Predecessor:} 14. Nf3 Re8 15. Bc2 Bb7 16. Re1 Kf8 17. a4 Kg8 18. h3 Re7 19. Nd2 Re6 20. Nf1 {½-½ (38) Sutkalenko,D (2292)-Moiseev,S (2462) ICCF email 2018}) 14... Bb7 15. Bc2 Rhe8 16. Nf1 Rad8 17. Be3 Bxe3 18. Rxe3 c5 19. f3 c4 20. Kf2 Nd7 21. Ree1 Nc5 {[%emt 0:01:57] The position is equal.} 22. Red1 Rxd1 23. Rxd1 Rd8 24. Rxd8 Kxd8 25. Ke3 {[%emt 0:03:47] An interesting draw.  Weighted Error Value: White=0.06 (flawless) /Black=0.05 (flawless)} 1/2-1/2

[Event "Slovakia Open Piestany-A 2022"]
[Site "Piestany"]
[Date "2022.07.18"]
[Round "9.20"]
[White "Walter, Ema"]
[Black "Bochnicka, Vladimir"]
[Result "0-1"]
[ECO "B30"]
[WhiteElo "2000"]
[BlackElo "2295"]
[Annotator "TA"]
[PlyCount "90"]
[EventDate "2022.07.12"]
[EventType "swiss"]
[EventCountry "SVK"]
[SourceTitle "playchess.com"]
[Source "ChessBase"]
[SourceQuality "1"]
[TimeControl "40/5400+30:1800+30"]

1. e4 c5 2. Nf3 Nc6 3. Bb5 e6 4. O-O Nge7 5. Re1 a6 6. Bf1 d5 7. exd5 Nxd5 8. d4 Nf6 9. Be3 Be7 {[%emt 0:00:16] B30: Sicilian: 2...Nc6 3 Bb5, lines without ...g6.} 10. Nc3 cxd4 11. Nxd4 Bd7 {[%emt 0:00:11] The position is equal.} 12. Qe2 O-O 13. Rad1 Qc7 {[%emt 0:02:20] [#]} 14. g3 $146 ({Predecessor:} 14. Nb3 Rfe8 15. Nc5 Rac8 16. N5a4 b5 17. Nb6 Rf8 18. Nxc8 Rxc8 19. Bg5 h6 20. Bh4 Qf4 21. Bg3 Qb4 22. Rd3 Nd4 23. Qd2 Rd8 {0-1 (23) Gorcsi,G (2159)-Gyurkovics,M (2067) Eger 2017}) 14... Nxd4 15. Bxd4 Bc6 16. Bg2 Bxg2 17. Kxg2 Qc6+ 18. Qf3 Rac8 19. Re2 b5 20. a3 Qxf3+ 21. Kxf3 Rc4 22. Red2 Rfc8 23. h3 (23. Re2 {is interesting.} h5 24. Rdd2 Ng4 25. h3) 23... h6 24. Ke2 Ne8 25. f4 R4c6 26. Rd3 Nd6 {[%emt 0:02:21] White is on the road to losing.} 27. g4 {[%emt 0:00:33] Against Nf5} a5 28. Be5 (28. b4 $17 {was worth a try.}) 28... Nc4 $19 29. Nxb5 Nxe5 30. fxe5 Rxc2+ 31. R1d2 {[%emt 0:00:57] [#]} R2c5 $1 32. Nc3 (32. Rc3 $17) 32... Bg5 ({Stronger than} 32... Rxe5+ 33. Kd1) 33. Rd1 Rxe5+ 34. Kf3 f5 {[%emt 0:04:04] Prevents Ne4.} 35. gxf5 (35. Rb1 $17 {might work better.}) 35... Rxf5+ ({Worse is} 35... exf5 36. b4 $17) 36. Kg3 Rcf8 37. Ne4 Re5 38. Nc3 (38. Re1 $142) 38... Kh7 39. b4 $2 (39. Kg2) 39... Be3 40. h4 {[%emt 0:01:35] Prevents Rg5+.} axb4 41. axb4 Bf2+ 42. Kg2 Bxh4 43. b5 $2 (43. R1d2) 43... Be1 44. b6 Rf4 {[%emt 0:00:00] [#] Hoping for ...Rg5+.} 45. Rb1 Rg5+ {[%emt 0:00:00] Weighted Error Value: White=0.50/Black=0.07 (flawless)} 0-1